2708 views
Uploaded 2019-12-28 21:48:56
Game version 1.32.0.4
31:40 long 2on2 ladder game on (4)HillsbradCreek
Saved by BEARAND
2708 views
Uploaded 2019-12-28 21:48:56
Game version 1.32.0.4
31:40 long 2on2 ladder game on (4)HillsbradCreek


64 units @ 7.3k
/ 1k
184 buildings @ 12k
/ 7.2k



x1)
| Staff of Sanctuary | 3 | 750 |
| Lesser Clarity Potion | 1 | 70 |
| Potion of Healing | 1 | 150 |
| Boots of Speed | 3 | 750 |
| Staff of Teleportation | 4 | 600 |
| Periapt of Vitality | 2 | 650 |
| Tome of Retraining | 1 | 300 |
| Potion of Lesser Invulnerability | 2 | 300 |
| Healing Salve | 1 | 100 |
| Orb of Lightning | 3 | 1125 |
| total: | 21 | 4795g |
| Peasant | 20 | 1500 | / | 0 |
| Dragonhawk Rider | 4 | 800 | / | 120 |
| Priest | 2 | 270 | / | 20 |
| total: | 26 | 2570g | / | 140w |
| Scout Tower | 118 | 3540 | / | 2360 |
| Arcane Tower | 8 | 560 | / | 400 |
| Guard Tower | 46 | 3220 | / | 2300 |
| Altar of Kings | 1 | 180 | / | 50 |
| Farm | 5 | 400 | / | 100 |
| Lumber Mill | 1 | 120 | / | 0 |
| Arcane Vault | 3 | 390 | / | 90 |
| Town Hall | 1 | 385 | / | 205 |
| Blacksmith | 1 | 140 | / | 60 |
| Barracks | 1 | 160 | / | 60 |
| Arcane Sanctum | 1 | 150 | / | 140 |
| Gryphon Aviary | 1 | 140 | / | 150 |
| Keep | 1 | 320 | / | 210 |
| Castle | 1 | 360 | / | 210 |
| total: | 133 | 5605g | / | 3215w |
| 0:03 | Peasant |
| 0:03 | Peasant |
| 0:10 | Altar of Kings |
| 0:20 | Farm |
| 0:27 | Peasant |
| 0:27 | Peasant |
| 0:31 | Scout Tower |
| 0:33 | Farm |
| 0:39 | Peasant |
| 0:54 | Peasant |
| 1:05 | Lumber Mill |
| 1:09 | Peasant |
| 1:20 | Peasant |
| 1:29 | Peasant |
| 1:32 | Scout Tower |
| 1:37 | Scout Tower |
| 1:38 | Peasant |
| 1:43 | Arcane Tower |
| 1:50 | Peasant |
| 1:54 | Scout Tower |
| 1:56 | Scout Tower |
| 2:05 | Scout Tower |
| 2:10 | Summon Water Elemental |
| 2:17 | Peasant |
| 2:23 | Guard Tower |
| 2:38 | Peasant |
| 2:41 | Scout Tower |
| 2:56 | Peasant |
| 2:56 | Guard Tower |
| 2:59 | Scout Tower |
| 3:00 | Scout Tower |
| 3:00 | Scout Tower |
| 3:01 | Scout Tower |
| 3:03 | Scout Tower |
| 3:03 | Scout Tower |
| 3:29 | Guard Tower |
| 3:39 | Arcane Vault |
| 3:51 | Brilliance Aura |
| 3:59 | Keep |
| 4:23 | Guard Tower |
| 5:22 | Town Hall |
| 5:26 | Scout Tower |
| 5:26 | Scout Tower |
| 5:28 | Scout Tower |
| 5:29 | Scout Tower |
| 5:56 | Boots of Speed |
| 5:56 | Staff of Teleportation |
| 6:03 | Guard Tower |
| 6:57 | Guard Tower |
| 6:59 | Scout Tower |
| 7:00 | Scout Tower |
| 7:01 | Scout Tower |
| 7:02 | Scout Tower |
| 7:02 | Scout Tower |
| 7:19 | Scout Tower |
| 7:19 | Scout Tower |
| 7:19 | Scout Tower |
| 7:20 | Scout Tower |
| 7:29 | Farm |
| 7:32 | Healing Salve |
| 7:36 | Guard Tower |
| 7:58 | Summon Water Elemental |
| 8:01 | Guard Tower |
| 8:03 | Improved Lumber Harvesting |
| 8:03 | Improved Masonry |
| 8:16 | Arcane Vault |
| 8:29 | Guard Tower |
| 8:53 | Guard Tower |
| 8:58 | Storm Bolt |
| 9:00 | Guard Tower |
| 9:01 | Peasant |
| 9:01 | Peasant |
| 9:01 | Peasant |
| 9:01 | Peasant |
| 9:02 | Peasant |
| 9:15 | Scout Tower |
| 9:16 | Scout Tower |
| 9:16 | Scout Tower |
| 9:17 | Scout Tower |
| 9:20 | Scout Tower |
| 9:20 | Scout Tower |
| 9:21 | Scout Tower |
| 9:21 | Scout Tower |
| 9:30 | Scout Tower |
| 9:31 | Scout Tower |
| 9:32 | Scout Tower |
| 10:00 | Guard Tower |
| 10:00 | Guard Tower |
| 10:02 | Castle |
| 10:04 | Advanced Masonry |
| 10:07 | Arcane Tower |
| 10:07 | Guard Tower |
| 10:29 | Boots of Speed |
| 10:29 | Staff of Teleportation |
| 10:32 | Staff of Teleportation |
| 10:46 | Guard Tower |
| 10:51 | Peasant |
| 11:03 | Arcane Sanctum |
| 11:05 | Scout Tower |
| 11:06 | Scout Tower |
| 11:07 | Scout Tower |
| 11:09 | Guard Tower |
| 11:35 | Guard Tower |
| 11:38 | Farm |
| 11:50 | Bash |
| 12:16 | Scout Tower |
| 12:16 | Scout Tower |
| 12:17 | Scout Tower |
| 12:17 | Scout Tower |
| 12:36 | Gryphon Aviary |
| 12:41 | Staff of Sanctuary |
| 12:50 | Arcane Vault |
| 12:52 | Arcane Tower |
| 12:53 | Guard Tower |
| 12:54 | Arcane Tower |
| 13:26 | Holy Light |
| 13:56 | Magic Sentry |
| 13:58 | Guard Tower |
| 14:00 | Scout Tower |
| 14:01 | Scout Tower |
| 14:02 | Scout Tower |
| 14:03 | Scout Tower |
| 14:03 | Scout Tower |
| 14:04 | Scout Tower |
| 14:04 | Scout Tower |
| 14:04 | Scout Tower |
| 14:05 | Scout Tower |
| 14:10 | Blacksmith |
| 14:13 | Scout Tower |
| 14:14 | Scout Tower |
| 14:14 | Scout Tower |
| 14:15 | Scout Tower |
| 14:15 | Scout Tower |
| 14:17 | Scout Tower |
| 14:18 | Scout Tower |
| 14:19 | Scout Tower |
| 14:19 | Scout Tower |
| 14:20 | Scout Tower |
| 14:25 | Scout Tower |
| 14:26 | Scout Tower |
| 14:26 | Scout Tower |
| 14:48 | Guard Tower |
| 14:49 | Arcane Tower |
| 14:50 | Guard Tower |
| 14:50 | Guard Tower |
| 15:18 | Boots of Speed |
| 15:18 | Staff of Teleportation |
| 15:19 | Periapt of Vitality |
| 16:03 | Guard Tower |
| 16:18 | Brilliance Aura |
| 16:24 | Dragonhawk Rider |
| 16:24 | Dragonhawk Rider |
| 16:29 | Storm Bolt |
| 16:37 | Tome of Retraining |
| 16:37 | Retrain Hero |
| 16:39 | Blizzard |
| 16:39 | Brilliance Aura |
| 16:39 | Blizzard |
| 16:39 | Brilliance Aura |
| 16:52 | Guard Tower |
| 17:10 | Dragonhawk Rider |
| 17:13 | Orb of Lightning |
| 17:39 | Barracks |
| 17:40 | Studded Leather Armor |
| 17:44 | Scout Tower |
| 17:45 | Scout Tower |
| 17:48 | Scout Tower |
| 17:48 | Scout Tower |
| 17:49 | Scout Tower |
| 17:49 | Scout Tower |
| 17:50 | Scout Tower |
| 17:50 | Scout Tower |
| 17:55 | Cloud |
| 18:00 | Scout Tower |
| 18:01 | Scout Tower |
| 18:01 | Scout Tower |
| 18:11 | Staff of Sanctuary |
| 18:28 | Orb of Lightning |
| 18:35 | Guard Tower |
| 18:39 | Staff of Sanctuary |
| 18:48 | Farm |
| 18:56 | Animal War Training |
| 18:57 | Reinforced Leather Armor |
| 20:22 | Lesser Clarity Potion |
| 20:26 | Guard Tower |
| 20:36 | Priest |
| 20:38 | Imbued Masonry |
| 20:39 | Advanced Lumber Harvesting |
| 21:02 | Priest |
| 21:02 | Priest Adept Training |
| 21:23 | Scout Tower |
| 21:24 | Scout Tower |
| 21:25 | Scout Tower |
| 21:43 | Scout Tower |
| 21:44 | Scout Tower |
| 21:44 | Scout Tower |
| 21:53 | Scout Tower |
| 21:54 | Scout Tower |
| 21:54 | Scout Tower |
| 21:55 | Scout Tower |
| 22:24 | Guard Tower |
| 23:00 | Guard Tower |
| 23:30 | Potion of Healing |
| 23:33 | Guard Tower |
| 23:52 | Scout Tower |
| 23:53 | Scout Tower |
| 23:56 | Arcane Tower |
| 23:56 | Guard Tower |
| 23:58 | Scout Tower |
| 23:58 | Scout Tower |
| 23:59 | Scout Tower |
| 24:00 | Dragonhide Armor |
| 24:08 | Dragonhawk Rider |
| 24:10 | Guard Tower |
| 24:12 | Scout Tower |
| 24:13 | Scout Tower |
| 24:27 | Potion of Lesser Invulnerability |
| 24:57 | Divine Shield |
| 26:29 | Scout Tower |
| 26:30 | Scout Tower |
| 26:30 | Scout Tower |
| 26:31 | Scout Tower |
| 26:32 | Scout Tower |
| 26:32 | Scout Tower |
| 26:35 | Scout Tower |
| 26:36 | Scout Tower |
| 26:36 | Scout Tower |
| 26:37 | Scout Tower |
| 26:37 | Scout Tower |
| 26:38 | Scout Tower |
| 26:38 | Scout Tower |
| 26:39 | Scout Tower |
| 26:39 | Scout Tower |
| 26:40 | Scout Tower |
| 26:45 | Scout Tower |
| 26:45 | Scout Tower |
| 26:46 | Scout Tower |
| 26:47 | Scout Tower |
| 26:48 | Scout Tower |
| 26:48 | Scout Tower |
| 26:51 | Orb of Lightning |
| 27:01 | Guard Tower |
| 27:07 | Guard Tower |
| 27:17 | Arcane Tower |
| 27:17 | Guard Tower |
| 27:17 | Guard Tower |
| 27:20 | Arcane Tower |
| 27:25 | Potion of Lesser Invulnerability |
| 27:27 | Periapt of Vitality |
| 28:21 | Guard Tower |
| 28:49 | Guard Tower |
| 30:03 | Guard Tower |
| 30:07 | Guard Tower |
| 30:32 | Guard Tower |
| 30:38 | Guard Tower |
| 30:39 | Scout Tower |
| 30:40 | Scout Tower |
| 30:45 | Holy Light |
| Right click | 2768 |
| Select | 758 |
| Select group | 513 |
| Build/train/purchase | 265 |
| Chat | 180 |
| Use ability | 95 |
| Assign group | 39 |
| Misc. action | 13 |
| Minimap ping | 13 |
| Item give/drop | 5 |
| Remove unit | 1 |
IcebergSlim
(31:37) : 

| Healing Salve | 5 | 500 |
| Lesser Clarity Potion | 2 | 140 |
| Orb of Lightning | 1 | 375 |
| Boots of Speed | 2 | 500 |
| Staff of Teleportation | 2 | 300 |
| Circlet of Nobility | 1 | 175 |
| Staff of Sanctuary | 2 | 500 |
| total: | 15 | 2490g |
| Peon | 18 | 1350 | / | 0 |
| Troll Batrider | 18 | 2880 | / | 720 |
| Shaman | 1 | 130 | / | 20 |
| Goblin Shredder | 1 | 375 | / | 100 |
| total: | 38 | 4735g | / | 840w |
| Watch Tower | 39 | 4290 | / | 3120 |
| Altar of Storms | 1 | 180 | / | 50 |
| Orc Burrow | 4 | 640 | / | 160 |
| War Mill | 1 | 205 | / | 0 |
| Voodoo Lounge | 2 | 260 | / | 60 |
| Great Hall | 1 | 385 | / | 185 |
| Beastiary | 2 | 290 | / | 280 |
| Spirit Lodge | 1 | 150 | / | 150 |
| Stronghold | 1 | 315 | / | 190 |
| Fortress | 1 | 325 | / | 190 |
| total: | 51 | 6400g | / | 4005w |
| 0:05 | Peon |
| 0:05 | Peon |
| 0:08 | Altar of Storms |
| 0:22 | Orc Burrow |
| 0:37 | War Mill |
| 0:39 | Peon |
| 0:51 | Peon |
| 1:06 | Voodoo Lounge |
| 1:11 | Peon |
| 1:20 | Peon |
| 1:30 | Peon |
| 1:47 | Peon |
| 1:53 | Watch Tower |
| 2:17 | Healing Salve |
| 2:19 | Wind Walk |
| 2:22 | Watch Tower |
| 2:25 | Watch Tower |
| 2:28 | Peon |
| 2:33 | Watch Tower |
| 2:55 | Peon |
| 2:58 | Orc Burrow |
| 3:29 | Watch Tower |
| 3:35 | Watch Tower |
| 3:39 | Lesser Clarity Potion |
| 3:51 | Peon |
| 3:51 | Peon |
| 4:02 | Boots of Speed |
| 4:08 | Staff of Teleportation |
| 4:16 | Peon |
| 4:47 | Stronghold |
| 5:09 | Watch Tower |
| 5:13 | Watch Tower |
| 5:37 | Critical Strike |
| 5:53 | Watch Tower |
| 5:56 | Watch Tower |
| 6:03 | Lesser Clarity Potion |
| 6:51 | Orc Burrow |
| 6:58 | Healing Salve |
| 7:02 | Spiked Barricades |
| 7:08 | Voodoo Lounge |
| 7:32 | Fortress |
| 8:07 | Watch Tower |
| 8:11 | Watch Tower |
| 8:15 | Hex |
| 8:58 | Beastiary |
| 9:00 | Beastiary |
| 9:16 | Great Hall |
| 9:34 | Orc Burrow |
| 9:41 | Wind Walk |
| 10:05 | Liquid Fire |
| 10:06 | Steel Ranged Weapons |
| 10:12 | Peon |
| 10:19 | Watch Tower |
| 10:45 | Healing Wave |
| 10:52 | Boots of Speed |
| 11:02 | Goblin Shredder |
| 11:08 | Watch Tower |
| 11:18 | Troll Batrider |
| 11:28 | Watch Tower |
| 11:36 | Watch Tower |
| 11:39 | Watch Tower |
| 11:41 | Watch Tower |
| 12:03 | Watch Tower |
| 12:26 | Peon |
| 12:27 | Peon |
| 12:27 | Peon |
| 12:27 | Peon |
| 12:33 | Watch Tower |
| 12:36 | Watch Tower |
| 12:38 | Watch Tower |
| 12:40 | Watch Tower |
| 12:51 | Troll Batrider |
| 13:23 | Watch Tower |
| 13:38 | Watch Tower |
| 13:42 | Troll Batrider |
| 13:44 | Thorium Ranged Weapons |
| 13:47 | Watch Tower |
| 14:07 | Troll Batrider |
| 14:37 | Staff of Sanctuary |
| 14:42 | Orb of Lightning |
| 14:48 | Healing Salve |
| 14:56 | Watch Tower |
| 14:57 | Watch Tower |
| 15:48 | Healing Wave |
| 16:35 | Critical Strike |
| 16:40 | Troll Batrider |
| 16:41 | Troll Batrider |
| 16:44 | Watch Tower |
| 16:45 | Watch Tower |
| 16:58 | Watch Tower |
| 17:00 | Watch Tower |
| 17:38 | Healing Salve |
| 17:41 | Staff of Sanctuary |
| 17:48 | Troll Batrider |
| 17:49 | Arcanite Ranged Weapons |
| 17:50 | Steel Armor |
| 17:53 | Watch Tower |
| 17:54 | Watch Tower |
| 18:51 | Troll Batrider |
| 19:55 | Watch Tower |
| 19:58 | Watch Tower |
| 20:20 | Spirit Lodge |
| 20:39 | Staff of Teleportation |
| 20:49 | Troll Batrider |
| 20:50 | Troll Batrider |
| 21:33 | Healing Salve |
| 21:41 | Shaman |
| 21:47 | Watch Tower |
| 21:49 | Watch Tower |
| 22:04 | Watch Tower |
| 22:56 | Critical Strike |
| 23:13 | Hex |
| 23:16 | Troll Batrider |
| 23:16 | Troll Batrider |
| 23:49 | Troll Batrider |
| 25:25 | Troll Batrider |
| 25:26 | Troll Batrider |
| 25:27 | Troll Batrider |
| 25:27 | Troll Batrider |
| 27:12 | Circlet of Nobility |
| 28:39 | Improved Spiked Barricades |
| 29:27 | Troll Batrider |
| Right click | 2432 |
| Select | 591 |
| Select group | 336 |
| Use ability | 131 |
| Build/train/purchase | 110 |
| Misc. action | 100 |
| Chat | 84 |
| Resource trade | 30 |
| Assign group | 16 |
| Item give/drop | 6 |
| Esc | 3 |
| Remove unit | 1 |
| Minimap ping | 1 |
148 units @ 21.9k
/ 3.5k
42 buildings @ 7.3k
/ 3.6k


| Wisp | 27 | 1620 | / | 0 |
| Archer | 4 | 520 | / | 40 |
| Huntress | 9 | 1755 | / | 180 |
| Druid of the Talon | 10 | 1450 | / | 200 |
| Chimaera | 20 | 6600 | / | 1400 |
| Hippogryph | 8 | 1280 | / | 160 |
| Dryad | 11 | 1595 | / | 660 |
| total: | 89 | 14820g | / | 2640w |
| Ancient Protector | 2 | 270 | / | 160 |
| Altar of Elders | 1 | 180 | / | 50 |
| Moon Well | 8 | 1440 | / | 320 |
| Ancient of War | 1 | 150 | / | 60 |
| Hunter's Hall | 2 | 420 | / | 200 |
| Tree of Life | 1 | 340 | / | 185 |
| Ancient of Wonders | 1 | 90 | / | 30 |
| Ancient of Lore | 6 | 930 | / | 870 |
| Ancient of Wind | 2 | 300 | / | 280 |
| Chimaera Roost | 2 | 280 | / | 380 |
| Tree of Ages | 1 | 320 | / | 180 |
| Tree of Eternity | 1 | 330 | / | 200 |
| total: | 26 | 4400g | / | 2535w |
| 0:06 | Altar of Elders |
| 0:09 | Wisp |
| 0:09 | Wisp |
| 0:18 | Moon Well |
| 0:22 | Wisp |
| 0:31 | Wisp |
| 0:41 | Ancient of War |
| 1:02 | Wisp |
| 1:08 | Wisp |
| 1:08 | Wisp |
| 1:10 | Wisp |
| 1:31 | Wisp |
| 1:38 | Moon Well |
| 1:46 | Archer |
| 2:29 | Hunter's Hall |
| 2:35 | Hunter's Hall |
| 2:40 | Black Arrow |
| 2:43 | Archer |
| 2:57 | Archer |
| 3:32 | Tree of Ages |
| 3:34 | Archer |
| 3:52 | Huntress |
| 4:10 | Silence |
| 4:13 | Huntress |
| 4:26 | Huntress |
| 4:33 | Moon Well |
| 4:35 | Moon Well |
| 4:35 | Moon Well |
| 5:41 | Tree of Life |
| 5:54 | Wisp |
| 5:54 | Wisp |
| 5:54 | Wisp |
| 5:56 | Wisp |
| 6:03 | Ancient Protector |
| 6:04 | Ancient Protector |
| 6:16 | Silence |
| 6:37 | Huntress |
| 6:47 | Huntress |
| 6:51 | Wisp |
| 6:52 | Wisp |
| 7:45 | Huntress |
| 7:54 | Huntress |
| 8:06 | Ancient of Lore |
| 8:07 | Ancient of Lore |
| 8:09 | Ancient of Lore |
| 8:10 | Ancient of Lore |
| 8:32 | Trueshot Aura |
| 8:35 | Wisp |
| 8:35 | Wisp |
| 8:35 | Wisp |
| 8:36 | Wisp |
| 8:36 | Wisp |
| 9:01 | Ancient of Wind |
| 9:06 | Tree of Eternity |
| 9:40 | Huntress |
| 10:06 | Druid of the Talon |
| 10:07 | Druid of the Talon Adept Training |
| 10:07 | Druid of the Talon |
| 10:19 | Black Arrow |
| 10:45 | Huntress |
| 10:50 | Strength of the Wild |
| 10:51 | Reinforced Hides |
| 11:10 | Druid of the Talon |
| 11:39 | Chimaera Roost |
| 11:40 | Chimaera Roost |
| 11:56 | Druid of the Talon Master Training |
| 12:12 | Scout |
| 13:07 | Corrosive Breath |
| 13:10 | Chimaera |
| 13:14 | Hippogryph |
| 13:16 | Wisp |
| 13:16 | Wisp |
| 13:17 | Wisp |
| 13:17 | Wisp |
| 13:18 | Wisp |
| 13:18 | Wisp |
| 13:19 | Wisp |
| 13:22 | Improved Reinforced Hides |
| 13:34 | Druid of the Talon |
| 13:35 | Druid of the Talon |
| 13:37 | Mark of the Talon |
| 13:38 | Druid of the Talon |
| 13:41 | Druid of the Talon |
| 13:52 | Chimaera |
| 14:03 | Druid of the Talon |
| 14:42 | Chimaera |
| 14:50 | Moon Well |
| 14:53 | Moon Well |
| 14:57 | Chimaera |
| 14:59 | Druid of the Talon |
| 15:59 | Chimaera |
| 16:01 | Druid of the Talon |
| 16:32 | Chimaera |
| 16:56 | Chimaera |
| 17:04 | Hippogryph |
| 17:04 | Hippogryph |
| 17:11 | Ancient of Wind |
| 17:15 | Improved Strength of the Wild |
| 17:15 | Advanced Reinforced Hides |
| 17:33 | Chimaera |
| 17:58 | Chimaera |
| 18:00 | Chimaera |
| 18:12 | Hippogryph |
| 18:34 | Moon Well |
| 18:37 | Advanced Strength of the Wild |
| 18:42 | Chimaera |
| 18:54 | Hippogryph |
| 19:46 | Chimaera |
| 20:12 | Chimaera |
| 20:14 | Hippogryph |
| 20:53 | Hippogryph |
| 20:55 | Chimaera |
| 20:56 | Chimaera |
| 21:05 | Ancient of Wonders |
| 21:28 | Chimaera |
| 22:04 | Hippogryph |
| 22:39 | Chimaera |
| 23:20 | Chimaera |
| 23:41 | Chimaera |
| 24:33 | Chimaera |
| 25:22 | Ancient of Lore |
| 25:26 | Ancient of Lore |
| 26:37 | Dryad |
| 26:39 | Dryad |
| 26:44 | Abolish Magic |
| 27:16 | Dryad |
| 27:18 | Dryad |
| 27:20 | Dryad |
| 28:05 | Dryad |
| 28:05 | Dryad |
| 28:23 | Dryad |
| 28:38 | Dryad |
| 28:55 | Dryad |
| 29:25 | Dryad |
| Right click | 872 |
| Select | 539 |
| Select group | 240 |
| Misc. action | 149 |
| Build/train/purchase | 140 |
| Assign group | 105 |
| Use ability | 23 |
| Chat | 22 |
| Esc | 11 |
| Remove unit | 8 |


| Orb of Venom | 1 | 325 |
| Potion of Healing | 3 | 450 |
| Anti-magic Potion | 1 | 100 |
| Scroll of Town Portal | 1 | 350 |
| total: | 6 | 1225g |
| Wisp | 24 | 1440 | / | 0 |
| Archer | 14 | 1820 | / | 140 |
| Huntress | 4 | 780 | / | 80 |
| Druid of the Talon | 7 | 1015 | / | 140 |
| Glaive Thrower | 8 | 1680 | / | 520 |
| Forest Troll Shadow Priest | 2 | 390 | / | 20 |
| total: | 59 | 7125g | / | 900w |
| Altar of Elders | 1 | 180 | / | 50 |
| Moon Well | 8 | 1440 | / | 320 |
| Ancient of War | 2 | 300 | / | 120 |
| Hunter's Hall | 1 | 210 | / | 100 |
| Tree of Life | 1 | 340 | / | 185 |
| Ancient of Wonders | 1 | 90 | / | 30 |
| Ancient of Wind | 2 | 300 | / | 280 |
| Tree of Ages | 1 | 320 | / | 180 |
| Tree of Eternity | 1 | 330 | / | 200 |
| total: | 16 | 2860g | / | 1085w |
| 0:04 | Wisp |
| 0:12 | Wisp |
| 0:19 | Altar of Elders |
| 0:22 | Moon Well |
| 0:24 | Wisp |
| 0:39 | Ancient of War |
| 0:48 | Wisp |
| 1:02 | Wisp |
| 1:39 | Wisp |
| 1:42 | Archer |
| 1:44 | Moon Well |
| 2:02 | Archer |
| 2:17 | Archer |
| 2:20 | Mana Burn |
| 2:28 | Archer |
| 2:37 | Wisp |
| 2:37 | Wisp |
| 2:47 | Hunter's Hall |
| 3:16 | Archer |
| 3:22 | Wisp |
| 3:22 | Wisp |
| 3:33 | Archer |
| 4:01 | Ultravision |
| 4:03 | Huntress |
| 4:10 | Evasion |
| 4:14 | Sentinel |
| 4:14 | Huntress |
| 5:01 | Moon Well |
| 5:02 | Tree of Ages |
| 6:04 | Huntress |
| 6:56 | Huntress |
| 7:06 | Moon Well |
| 7:08 | Archer |
| 7:12 | Ancient of War |
| 7:42 | Ancient of Wind |
| 7:45 | Ancient of Wind |
| 7:45 | Wisp |
| 7:46 | Wisp |
| 7:46 | Wisp |
| 7:46 | Wisp |
| 8:18 | Archer |
| 8:20 | Improved Bows |
| 8:21 | Wisp |
| 8:21 | Wisp |
| 8:35 | Forest Troll Shadow Priest |
| 8:55 | Mana Burn |
| 8:56 | Entangling Roots |
| 9:05 | Moon Well |
| 9:07 | Archer |
| 9:14 | Druid of the Talon Adept Training |
| 9:15 | Druid of the Talon |
| 9:17 | Wisp |
| 10:09 | Tree of Life |
| 10:24 | Tree of Eternity |
| 10:26 | Archer |
| 10:31 | Druid of the Talon |
| 10:33 | Druid of the Talon |
| 10:35 | Strength of the Moon |
| 11:16 | Vorpal Blades |
| 11:35 | Thorns Aura |
| 11:57 | Druid of the Talon |
| 12:02 | Glaive Thrower |
| 12:27 | Wisp |
| 12:27 | Wisp |
| 12:27 | Wisp |
| 12:28 | Wisp |
| 12:28 | Wisp |
| 12:32 | Evasion |
| 12:48 | Druid of the Talon Master Training |
| 13:04 | Glaive Thrower |
| 13:45 | Moon Well |
| 14:08 | Forest Troll Shadow Priest |
| 14:15 | Glaive Thrower |
| 15:06 | Glaive Thrower |
| 15:34 | Entangling Roots |
| 15:39 | Moon Well |
| 15:41 | Improved Strength of the Moon |
| 15:42 | Reinforced Hides |
| 15:44 | Marksmanship |
| 15:46 | Mark of the Talon |
| 16:58 | Glaive Thrower |
| 17:08 | Druid of the Talon |
| 19:01 | Advanced Strength of the Moon |
| 19:04 | Archer |
| 20:24 | Druid of the Talon |
| 20:26 | Archer |
| 20:26 | Archer |
| 20:38 | Moon Well |
| 20:46 | Ancient of Wonders |
| 21:37 | Wisp |
| 21:37 | Wisp |
| 22:44 | Orb of Venom |
| 22:45 | Potion of Healing |
| 23:41 | Glaive Thrower |
| 25:23 | Druid of the Talon |
| 25:25 | Archer |
| 25:50 | Potion of Healing |
| 26:42 | Moon Armor |
| 27:18 | Potion of Healing |
| 28:31 | Anti-magic Potion |
| 28:35 | Scroll of Town Portal |
| 30:35 | Glaive Thrower |
| 30:36 | Glaive Thrower |
| Right click | 1004 |
| Select | 539 |
| Select group | 466 |
| Chat | 123 |
| Build/train/purchase | 118 |
| Use ability | 78 |
| Misc. action | 59 |
| Assign group | 31 |
| Minimap ping | 6 |
| Esc | 4 |
| Remove unit | 3 |
| Item give/drop | 2 |